 Dungeon Crawl Stone Soup version 0.23.2-33-g5129a83184 (webtiles) character file.

Game seed: 17303917902427088459

2208 Revguard the Cudgeler (level 9, -7/85 HPs)
             Began as a Troll Berserker on July 5, 2019.
             Was a Priest of Trog.
             Mangled by a killer bee (8 damage)
             ... while paralysed
             ... on level 7 of the Dungeon.
             The game lasted 00:22:38 (5760 turns).

Revguard the Cudgeler (Troll Berserker)             Turns: 5760, Time: 00:22:39

Health: -7/85      AC:  7    Str: 27    XL:     9   Next: 13%
Magic:  8/8        EV:  1    Int:  3    God:    Trog [***...]
Gold:   227        SH:  0    Dex: 12    Spells: 8/8 levels left

rFire    + . .     SeeInvis .   q - +0 dire flail (holy)
rCold    . . .     Gourm    +   (shield currently unavailable)
rNeg     . . .     Faith    .   b - +1 animal skin
rPois    .         Spirit   .   (helmet restricted)
rElec    .         Reflect  .   (no cloak)
rCorr    .         Harm     .   (gloves unavailable)
MR       ++...                  (boots unavailable)
Stlth    +.........             (no amulet)
HPRegen  1.64/turn              p - ring of flight
MPRegen  0.11/turn              t - ring of protection from fire

@: paralysed, lethally poisoned (-7 -> -24), berserk cooldown, regenerating,
slowed
A: large, unfitting armour, claws 3, fast metabolism 3, gourmand, regeneration
1, shaggy fur 1, tough skin 3
a: Berserk, Trog's Hand, Renounce Religion, Evoke Flight


You were on level 7 of the Dungeon.
You worshipped Trog.
Trog was most pleased with you.
You were very full.

You visited 1 branch of the dungeon, and saw 7 of its levels.

You collected 332 gold pieces.
You spent 105 gold pieces at shops.

Inventory:

Hand Weapons
 q - a +0 dire flail of holy wrath (weapon)
 x - a +2 giant spiked club
Missiles
 a - 5 javelins
 w - 5 tomahawks (quivered)
Armour
 b - a +1 animal skin (worn)
Jewellery
 g - the ring of Disaster {+Fly Str-4 Dex+2 Stlth-}
   (You bought it in a shop on level 6 of the Dungeon)

   [ring of attention]

   It affects your strength (-4).
   It affects your dexterity (+2).
   It lets you fly.
   It makes you less stealthy.
 i - an uncursed ring of fire
 p - a ring of flight (left claw)
 t - a ring of protection from fire (right claw)
Wands
 s - a wand of clouds (6)
Scrolls
 d - 3 scrolls of enchant armour
 e - 2 scrolls of teleportation
 j - 10 scrolls of amnesia
 k - 5 scrolls of remove curse
 o - 2 scrolls of fear
 r - a scroll of blinking
Potions
 n - 2 potions of lignification
Comestibles
 c - 14 rations
 u - 3 chunks of flesh


   Skills:
 + Level 4.4 Fighting
 + Level 7.9 Maces & Flails
 * Level 4.5 Throwing
 * Level 5.4 Dodging


You had 8 spell levels left.
You didn't know any spells.
Your spell library was empty.

Dungeon Overview and Level Annotations

Branches:
Dungeon (7/15)
 Temple: D:4-7

Altars:
Ashenzari
Okawaru
Qazlal
Yredelemnul
Zin
The Shining One

Shops:
D:6 *


Innate Abilities, Weirdness & Mutations

You are too large for most types of armour.
You have claws for hands.
Your metabolism is lightning-fast.
You like to eat raw meat.
Your natural rate of healing is unusually fast.
You are covered in fur. (AC +1)
You have extremely tough skin. (AC +3)


Message History

The killer bee poisons you! The killer bee completely misses you.
The ball python barely misses you.
The killer bee stings you but does no damage.
* * * LOW HITPOINT WARNING * * *
You feel very sick.
The killer bee stings you but does no damage.
The killer bee stings you.
* * * LOW HITPOINT WARNING * * *
The ball python bites you but does no damage.
* * * LOW HITPOINT WARNING * * *
You feel very sick. The killer bee stings you.
* * * LOW HITPOINT WARNING * * *
The killer bee stings you.
* * * LOW HITPOINT WARNING * * *
You are more poisoned.
The killer bee poisons you!
The ball python bites you but does no damage.
The killer bee stings you!
You die...

###+####
#......#
#....[.#
#.<....#
#†######
#y.....##
#yS.....#
#@y.....#
#########


You could see 3 killer bees and a ball python.

Vanquished Creatures
  Edmund (D:4)
  A water moccasin (D:6)
  An orc warrior (D:6)
  2 sky beasts
  5 ogres
  2 centaurs (D:6)
  2 bullfrogs (D:6)
  A scorpion (D:6)
  A killer bee (D:7)
  4 wights (D:4)
  2 howler monkeys
  A crimson imp (D:6)
  A quasit (D:6)
  2 bullfrog skeletons (D:6)
  3 orc priests
  A hound (D:6)
  2 orc wizards
  A centaur skeleton (D:6)
  4 worker ants
  A hound skeleton (D:2)
  A worker ant zombie (D:6)
  Robin (D:2)
  8 gnolls (D:5)
  2 adders (D:2)
  A shadow imp (D:5)
  3 worms
  2 dart slugs
  2 leopard geckos (D:1)
  16 orcs
  3 ball pythons
  4 giant cockroaches
  13 goblins
  12 hobgoblins
  2 jackals (D:4)
  7 kobolds
  5 bats
  7 frilled lizards
  A quokka zombie (D:5)
  8 rats
  A spectral orc (D:6)
137 creatures vanquished.

Notes
Turn   | Place    | Note
-------+----------+-------------------------------------------
     0 | D:1      | Revguard the Troll Berserker began the quest for the Orb.
     0 | D:1      | Reached XP level 1. HP: 22/22 MP: 0/0
   214 | D:1      | Reached XP level 2. HP: 22/29 MP: 1/1
   482 | D:1      | Reached skill level 3 in Maces & Flails
   803 | D:1      | Reached XP level 3. HP: 36/36 MP: 2/2
  1053 | D:2      | Noticed Robin
  1073 | D:2      | Reached ** piety under Trog
  1085 | D:2      | Killed Robin
  1095 | D:2      | Reached skill level 1 in Throwing
  1213 | D:2      | Reached XP level 4. HP: 39/44 MP: 3/3
  1482 | D:2      | Found a glowing golden altar of the Shining One.
  1954 | D:3      | Reached XP level 5. HP: 52/52 MP: 4/4
  2329 | D:3      | Noticed an ogre
  2339 | D:3      | Killed an ogre
  2339 | D:3      | Reached skill level 4 in Maces & Flails
  2647 | D:3      | Found a stormy altar of Qazlal.
  2658 | D:3      | Found a glowing golden altar of the Shining One.
  2660 | D:3      | Found a glowing silver altar of Zin.
  2693 | D:4      | Reached XP level 6. HP: 43/59 MP: 5/5
  2703 | D:4      | Reached *** piety under Trog
  2945 | D:4      | Reached skill level 5 in Maces & Flails
  2945 | D:4      | Reached XP level 7. HP: 67/67 MP: 6/6
  3379 | D:4      | Found an iron altar of Okawaru.
  3379 | D:4      | Noticed Edmund
  3393 | D:4      | Killed Edmund
  3632 | D:5      | Entered Level 5 of the Dungeon
  3647 | D:5      | Reached skill level 6 in Maces & Flails
  3750 | D:5      | Reached XP level 8. HP: 53/78 MP: 7/7
  4733 | D:6      | Found a shattered altar of Ashenzari.
  5005 | D:6      | Reached skill level 7 in Maces & Flails
  5005 | D:6      | Reached skill level 5 in Dodging
  5187 | D:6      | Found Duyvacze's Assorted Antiques.
  5195 | D:6      | Bought an ancient marble ring for 105 gold pieces
  5196 | D:6      | Identified the ring of Disaster {+Fly Str-4 Dex+2 Stlth-}
                  | (You bought it in a shop on level 6 of the Dungeon)
  5478 | D:6      | Found a basalt altar of Yredelemnul.
  5510 | D:6      | Reached **** piety under Trog
  5573 | D:6      | Reached XP level 9. HP: 80/85 MP: 8/8
  5760 | D:7      | HP: 2/85 [killer bee (3)]
  5760 | D:7      | Mangled by a killer bee

Skill      XL: |  1  2  3  4  5  6  7  8 |
---------------+-------------------------+-----
Maces & Flails | 3 4 5 6 7 |  7.9
Dodging        | 3 4 5 |  5.4
Throwing       | 1 2 3 4 |  4.5
Fighting       | 3 4 |  4.4

Action                   |  1- 3 |  4- 6 |  7- 9 || total
-------------------------+-------+-------+-------++-------
Melee: Mace              |    88 |    86 |       ||   174
       Giant club        |       |    66 |   133 ||   199
       Giant spiked club |       |       |    62 ||    62
       Dire flail        |       |       |     9 ||     9
Throw: Tomahawk          |    20 |     1 |       ||    21
       Javelin           |       |       |     9 ||     9
Invok: Berserk           |     1 |     6 |     5 ||    12
       Trog's Hand       |       |     3 |     4 ||     7
  Use: Potion            |     2 |     1 |     2 ||     5
       Scroll            |       |     8 |     8 ||    16
  Eat: Chunk             |    18 |    22 |    32 ||    72
Armor: Animal skin       |    47 |    70 |    99 ||   216
Dodge: Dodged            |    69 |   120 |   153 ||   342
